 Dungeon Crawl Stone Soup version 0.28-a0-1404-g4df0f3684d (webtiles) character file.

Game seed: 17086018810151602904

19 AttackTheMoon the Chucker (level 2, -2/29 HPs)
             Began as an Ogre Hunter on Jan 5, 2022.
             Succumbed to an adder's poison
             ... on level 2 of the Dungeon.
             The game lasted 00:01:53 (1139 turns).

AttackTheMoon the Chucker (Ogre Hunter)             Turns: 1139, Time: 00:01:54

Health: -2/29      AC:  3    Str: 15    XL:     2   Next: 75%
Magic:  2/2        EV:  9    Int: 12    God:
Gold:   34         SH:  0    Dex:  9    Spells: 1/1 levels left

rFire   . . .      SeeInvis .   a - +0 short sword
rCold   . . .      Faith    .   (no shield)
rNeg    . . .      Spirit   .   b - +0 robe
rPois   .          Reflect  .   (helmet restricted)
rElec   .          Harm     .   (no cloak)
rCorr   .          Rampage  .   (gloves unavailable)
Will    .....                   (boots unavailable)
Stlth   +.........              (no amulet)
HPRegen 0.09/turn               (no ring)
MPRegen 0.08/turn               (no ring)

@: lethally poisoned (-2 -> -14)
A: large, unfitting armour, tough skin 1
a: no special abilities


You were on level 2 of the Dungeon.
You visited 1 branch of the dungeon, and saw 2 of its levels.

You collected 34 gold pieces.

Inventory:

Hand Weapons
 a - a +0 short sword (weapon)
Missiles
 c - a large rock
 d - 2 throwing nets
 e - 48 stones (quivered)
Armour
 b - a +0 robe (worn)
Potions
 g - a potion of attraction


   Skills:
 + Level 2.8 Fighting
 + Level 4.7 Throwing
 - Level 1.7 Dodging
 - Level 0.6 Stealth


You had one spell level left.
You didn't know any spells.
Your spell library was empty.

Dungeon Overview and Level Annotations

Branches:
Dungeon (2/15)

Altars:
Beogh


Innate Abilities, Weirdness & Mutations

You are too large for most types of armour.
You have tough skin. (AC +1)


Message History

You are poisoned.
The adder poisons you! The adder barely misses you.
The adder closely misses you.
You throw a large rock.
The large rock closely misses the adder.
You feel sick. The adder bites you. x2
You are more poisoned.
The adder poisons you!
You throw a stone. The stone misses the adder.
You feel sick. The adder bites you.
You throw a stone. The stone barely misses the adder.
You feel sick. The adder bites you.
You are more poisoned.
The adder poisons you!
You are too injured to fight recklessly!
You are too injured to fight recklessly!
You are too injured to fight recklessly!
You are too injured to fight recklessly!
You are too injured to fight recklessly!
Throw: 48 stones
Press: ? - help, Q - select action, (/) - cycle Shift-Dir - straight line, p - adder
Okay, then.
You barely miss the adder.
The adder is moderately wounded.
You feel very sick. The adder bites you.
* * * LOW HITPOINT WARNING * * *
You are more poisoned.
The adder poisons you! The adder bites you.
* * * LOW HITPOINT WARNING * * *
Okay, then.
You aren't carrying any scrolls.
You hit the adder.
The adder is heavily wounded.
* * * LOW HITPOINT WARNING * * *
You feel very sick. The adder bites you but does no damage.
You hit the adder.
The adder is almost dead.
You die...

####. # ## ....
#. .. . ... ##.
.#.. .. ... ...
#. #.# #.. # #.
#..###.# #.##.
####.#@#>#######
#....
#....S.........#
####.
#....(#########.#
#. #..>.. #.#
####. #....
#.####..>. ##(.(
#......... ##(
######.### #( #.#
#.#


You could see an adder.

Vanquished Creatures
  A dart slug (D:1)
  4 bats (D:1)
  2 giant cockroaches
  3 hobgoblins (D:1)
  2 jackals (D:1)
  4 rats (D:1)
16 creatures vanquished.

Notes
Turn   | Place    | Note
-------+----------+-------------------------------------------
     0 | D:1      | AttackTheMoon the Ogre Hunter began the quest for the Orb.
     0 | D:1      | Reached XP level 1. HP: 22/22 MP: 1/1
   315 | D:1      | Reached XP level 2. HP: 29/29 MP: 2/2
   974 | D:1      | Found a faded altar of an unknown god.
  1138 | D:2      | HP: 1/29 [poisoned by an adder]
  1139 | D:2      | Succumbed to an adder's poison

Illustrated notes

Levels and vault maps discovered:
D:1:      minmay_arrival_shattered_statue, layout_basic,
          hellmonk_ecumenical_altar_defaced_shrine
D:2:      layout_loops_ring, kennysheep_cross_room

Action                   || total
-------------------------++-------
Melee: Short sword       ||    17
Throw: Stone             ||    73
       Large rock        ||     5
  Use: Scroll            ||     2
       Potion            ||     1
Armor: Robe              ||    27
Dodge: Dodged            ||    31

Table legend: (Time is in decaauts)
 A = Elapsed time spent in this place.
 B = Non-inter-level travel time spent in this place.
 C = Inter-level travel time spent in this place.
 D = Time resting spent in this place.
 E = Time spent auto-exploring this place.
 F = Levels seen in this place.
 G = Mean time per level.
                   A        B        C        D        E       F      G
               +--------+--------+--------+--------+--------+-----+--------+
         Total |   1135 |   1124 |     11 |      0 |    978 |   2 |  567.5 |
       Dungeon |   1135 |   1124 |     11 |      0 |    978 |   2 |  567.5 |
               +--------+--------+--------+--------+--------+-----+--------+

Top non-repeatable levels by time:
     D:1: 1063 daAuts
     D:2: 72 daAuts
